 Dungeon Crawl Stone Soup version 0.21-a0-128-gf2b353c (webtiles) character file.

758 CanOfBees the Conjurer (level 7, -1/58 HPs)
             Began as a Yellow Draconian Conjurer on July 16, 2017.
             Slain by Pikel
             ... wielding a +2 whip of electrocution
              (15 damage)
             ... on level 5 of the Dungeon.
             The game lasted 00:11:54 (7336 turns).

CanOfBees the Conjurer (Yellow Draconian Conjurer)  Turns: 7336, Time: 00:11:55

Health: -1/58      AC:  6    Str: 10    XL:     7   Next: 50%
Magic:  14/14      EV: 12    Int: 18    God:
Gold:   141        SH:  0    Dex: 11    Spells: 5/15 levels left

rFire    . . .     SeeInvis .   r - +1 dagger (venom)
rCold    . . .     Gourm    .   (no shield)
rNeg     . . .     Faith    .   (armour unavailable)
rPois    .         Spirit   .   (helmet restricted)
rElec    .         Reflect  .   (no cloak)
rCorr    +         Harm     .   (no gloves)
MR       .....     Rnd*Tele +   (no boots)
Stlth    ++........             (no amulet)
HPRegen  0.19/turn              y - ring of teleportation (curse)
MPRegen  0.14/turn              (no ring)

@: short of breath
A: spit acid, acid resistance, unfitting armour, cold-blooded, AC +6
a: Breathe Acid


You were on level 5 of the Dungeon.
You were not hungry.

You visited 1 branch of the dungeon, and saw 5 of its levels.

You collected 141 gold pieces.

Inventory:

Hand Weapons
 b - a +0 spear
 r - a +1 dagger of venom (weapon)
Missiles
 A - 3 javelins (quivered)
Jewellery
 y - a cursed ring of teleportation (left hand)
Wands
 o - a wand of flame (48/48)
 x - a wand of flame (29/48)
Scrolls
 c - a scroll of immolation
 j - a scroll of fog
 m - a scroll of identify
 n - a scroll of remove curse {unknown}
 p - a scroll of random uselessness {unknown}
 q - a scroll of teleportation {unknown}
 s - 3 scrolls of recharging
 u - a scroll of amnesia {unknown}
Potions
 d - a potion of flight
 e - a potion of heal wounds {unknown}
 f - a potion of brilliance {unknown}
 k - a potion of mutation {unknown}
 l - a potion of berserk rage {unknown}
 t - a potion of cancellation {unknown}
 v - a potion of might {unknown}
 z - a potion of degeneration {unknown}
Books
 a - a book of Conjurations

   Spells                             Type                      Level
   a - Magic Dart                     Conjuration                  1
   b - Searing Ray                    Conjuration                  2
   c - Dazzling Spray                 Conjuration/Hexes            3
   d - Fulminant Prism                Conjuration/Hexes            4
   e - Force Lance                    Conjuration/Translocation    4
   f - Iskenderun's Mystic Blast      Conjuration                  4
Comestibles
 g - a meat ration
 i - 2 bread rations


   Skills:
 + Level 3.8 Fighting
 - Level 2.4 Dodging
 - Level 1.7 Stealth
 + Level 4.9 Spellcasting
 + Level 5.6 Conjurations
 * Level 2.7 Hexes


You had 5 spell levels left.
You knew the following spells:

 Your Spells              Type           Power        Failure   Level  Hunger
a - Magic Dart            Conj           ###.         1%          1    None
b - Searing Ray           Conj           ###...       1%          2    #......
c - Iskenderun's Mystic   Conj           ###.....     13%         4    ####...
d - Dazzling Spray        Conj/Hex       ###...       7%          3    ###....


Dungeon Overview and Level Annotations

Branches:
Dungeon (5/15)
 Temple: D:4-7

Altars:
Dithmenos
Fedhas
Gozag
Okawaru

Shops:
D:4 (   D:5 =

Annotations:
D:5 Pikel


Innate Abilities, Weirdness & Mutations

You can spit globs of acid.
You are resistant to acid.
Your golden yellow scales are hard. (AC +6)
You cannot fit into any form of body armour.
You are cold-blooded and may be slowed by cold attacks.


Message History

You spit a glob of acid.
The glob of acid hits Pikel.
Pikel is splashed with acid.
The acid corrodes Pikel!
Pikel is moderately wounded.
Pikel is splashed with acid.
The acid corrodes Pikel!
The acid splashes onto the slave!
The slave is splashed with acid.
The acid corrodes the slave!
You feel somewhat more hungry. Pikel misses you.
The slave hits you but does no damage.
You hit Pikel but do no damage.
Pikel is poisoned.
You tail-slap Pikel, but do no damage.
Pikel is heavily wounded.
Pikel closely misses you. The slave hits you. The slave hits you!
You hit Pikel but do no damage.
Pikel is heavily wounded.
Pikel hits you with a whip of electrocution.
You are electrocuted!
* * * LOW HITPOINT WARNING * * *
The slave hits you but does no damage. The slave hits you.
* * * LOW HITPOINT WARNING * * *
You feel better. Pikel hits you but does no damage.
You are electrocuted!
You die...

#.# #.....###.##...... #<#
#.....# #......... #.#
###.....#####....... #.#
#........# #.......
###.###.#......# ##.##### .
#...#...#......### #.# #
....##.##..########...# #.#
### ............##########.#
#.# #..
...####..≈≈≈≈.K@.......###.#
#.#
#.≈≈≈≈≈.pp######..##..##.#
#.≈._≈≈p.p........###.....
#..≈.≈.≈.####...##...##...#
#.#≈..≈..#................#
#.#.#......#####...<.###..#
........### #####......#
......## #......# ##......


You could see Pikel and 4 slaves.

Vanquished Creatures
  Duvessa (D:4)
  An ogre (D:4)
  Dowan (D:4)
  A crimson imp (D:5)
  A bullfrog zombie (D:5)
  A hound (D:4)
  2 orc priests
  3 bullfrog skeletons (D:4)
  Ijyb (D:4)
  Jessica (D:2)
  2 worker ants
  Robin (D:2)
  5 adders
  A howler monkey skeleton (D:4)
  A gnoll (D:1)
  An ooze (D:1)
  A worm (D:3)
  A dart slug (D:1)
  7 leopard geckos
  8 orcs
  A ball python (D:4)
  8 bats
  4 giant cockroaches
  13 goblins
  4 hobgoblins
  7 jackals
  A ball python skeleton (D:5)
  2 frilled lizards (D:1)
  10 kobolds
  3 rats (D:1)
94 creatures vanquished.

Notes
Turn   | Place    | Note
-------+----------+-------------------------------------------
     0 | D:1      | CanOfBees the Draconian Conjurer began the quest for the Orb.
     0 | D:1      | Reached XP level 1. HP: 14/14 MP: 3/3
   298 | D:1      | Reached XP level 2. HP: 20/20 MP: 1/5
   346 | D:1      | Learned a level 2 spell: Searing Ray
  1591 | D:1      | Reached XP level 3. HP: 26/26 MP: 1/7
  2329 | D:2      | Found an iron altar of Okawaru.
  2423 | D:2      | Noticed Robin
  2945 | D:2      | Reached skill level 1 in Fighting
  2945 | D:2      | Reached XP level 4. HP: 35/35 MP: 2/9
  3109 | D:2      | Noticed Jessica
  3121 | D:2      | Killed Jessica
  3244 | D:2      | Killed Robin
  3885 | D:3      | Reached XP level 5. HP: 5/41 MP: 2/10
  4192 | D:3      | Found a faded altar of an unknown god.
  4319 | D:3      | Found an opulent altar of Gozag.
  4319 | D:3      | Found a shadowy altar of Dithmenos.
  5054 | D:4      | Noticed Ijyb
  5075 | D:5      | Entered Level 5 of the Dungeon
  5075 | D:5      | Found Hoaxky's Jewellery Shoppe.
  5092 | D:5      | Noticed a slave
  5110 | D:4      | HP: 2/42 [orc priest/nerve-wracking pain (11)]
  5407 | D:4      | Reached skill level 5 in Conjurations
  5444 | D:4      | Reached XP level 6. HP: 50/50 MP: 7/12
  5500 | D:4      | Learned a level 4 spell: Iskenderun's Mystic Blast
  5504 | D:4      | Learned a level 3 spell: Dazzling Spray
  5568 | D:4      | Killed Ijyb
  5980 | D:4      | Reached skill level 1 in Hexes
  6044 | D:4      | Noticed Duvessa
  6044 | D:4      | Noticed Dowan
  6053 | D:4      | Killed Dowan
  6063 | D:4      | Killed Duvessa
  6063 | D:4      | Your scales start taking on a golden yellow colour.
  6063 | D:4      | Reached XP level 7. HP: 5/57 MP: 9/14
  6435 | D:4      | Found Coixeegred's Antique Weapon Boutique.
  7257 | D:5      | Found a blossoming altar of Fedhas.
  7315 | D:5      | Found Uxenlao's Jewellery Boutique.
  7320 | D:5      | Noticed Pikel
  7336 | D:5      | Slain by Pikel

Vault maps used:
D:1:      dpeg_arrival_ternary
D:2:      okawaru_gym_becter, uniq_jessica, uniq_robin
D:3:      amethyst_overflow_temple_binary, chequers_ecumenical_altar_grove
D:4:      serial_shops, kennysheep_mini, first_bread, serial_bayou_lake_a,
          uniq_duvessa, uniq_ijyb
D:5:      minmay_temple_entry_from_below_a, serial_shops, nicolae_shop_trees,
          shop, kennysheep_little_box, shop_fountains, fedhas_altar_2,
          uniq_sigmund, uniq_pikel

Skill      XL: |  1  2  3  4  5  6 |
---------------+-------------------+-----
Spellcasting   | 3 4 |  4.9
Fighting       | 1 2 3 |  3.8
Dodging        | 2 |  2.4
Conjurations   | 5 |  5.6
Hexes          | 2 |  2.7
Stealth        | |  1.7

Action                   |  1- 3 |  4- 6 |  7- 9 || total
-------------------------+-------+-------+-------++-------
Melee: Unarmed           |    61 |       |       ||    61
       Tailslap          |     4 |    15 |     8 ||    27
       Dagger            |    61 |    96 |    96 ||   253
       Spear             |     2 |     3 |       ||     5
 Cast: Magic Dart        |    50 |    21 |     7 ||    78
       Searing Ray       |     5 |    12 |       ||    17
       Dazzling Spray    |       |     1 |       ||     1
 Abil: Breathe Acid      |       |       |     2 ||     2
Evoke: Wand              |       |     4 |       ||     4
  Use: Scroll            |       |     5 |     1 ||     6
       Potion            |       |     1 |     1 ||     2
 Stab: Sleeping          |     4 |     1 |     1 ||     6
  Eat: Chunk             |     2 |     8 |       ||    10
       Bread ration      |     1 |     1 |     1 ||     3
Armor: Skin              |    49 |    41 |    24 ||   114
Dodge: Dodged            |    93 |    61 |    63 ||   217
